 Dungeon Crawl Stone Soup version 0.29-a0-821-g66395355a5 (webtiles) character file.

Game seed: 11569618440530360965

481195 toffzen the Slayer (level 25, -1/211 HPs)
             Began as a Djinni Cinder Acolyte on Sept 27, 2021.
             Was a High Priest of Ignis.
             Slain by a spectral nagaraja (8 damage)
             ... summoned by a curse skull
             ... on level 2 of the Crypt on July 8, 2022.
             The game lasted 04:49:41 (123116 turns).

toffzen the Slayer (Djinni Cinder Acolyte)        Turns: 123116, Time: 04:49:41

Health: -1/211     AC: 18    Str: 11    XL:     25   Next: 77%
Gold:   4570       EV: 15    Int: 39    God:    Ignis [*****.] SH: 19 Dex: 17

rFire   + + +      SeeInvis .   a - +10 spear of Guorips {vorpal, rElec Will+ Int+4 Stlth-}
rCold   . . .      Faith    .   i - +1 kite shield {AC+3}
rNeg    + + +      Spirit   .   M - +1 ring mail "Xat Faer" {rF++ rC+ rN++}
rPois   ∞          Reflect  +   V - +4 helmet "Henuazaz" {Dex+9 Stlth-}
rElec   +          Harm     .   B - +1 cloak {rCorr}
rCorr   +          Rampage  .   U - +0 pair of gloves
Will    +++++                   (boots unavailable)
Stlth   ..........              l - amulet "Vaffaa" {Reflect rElec rPois rF+ Int+3 SH+5}
HPRegen 0.45/turn               n - ring of Qyikkiuwn {Fly rElec rPois Will++ Dex-3}
MPRegen 0.00/turn               u - ring of Xozeat {rN+ Int+6 Stlth+}

@: about to teleport, flying, constricted
A: sickness immunity, fire resistance 2, cold vulnerability 1, float, innate
caster, HP casting, extra vitality 1, deformed body, weak 1, no potion heal 1,
noise suppression
}: 3/15 runes: decaying, serpentine, slimy
a: Renounce Religion, Fiery Armour, Foxfire Swarm, Rising Flame


You were on level 2 of the Crypt.
You worshipped Ignis.
Ignis was extremely pleased with you.
You visited 10 branches of the dungeon, and saw 49 of its levels.
You visited the Abyss 1 time.
You visited 1 bazaar.
You also visited: Sewer.

You collected 6979 gold pieces.
You spent 2409 gold pieces at shops.

Inventory:

Hand Weapons
 a - the +10 spear of Guorips (weapon) {vorpal, rElec Will+ Int+4 Stlth-}
   (You found it on level 5 of the Dungeon)

   It inflicts extra damage upon your enemies.
   Int:       It affects your intelligence (+4).
   rElec:     It insulates you from electricity.
   Will:      It increases your willpower.
   Stlth:     It makes you less stealthy.
 Y - the +12 pair of quick blades "Gyre" and "Gimble" {protect}
   (You took it off a spriggan berserker on level 1 of the Depths)

   It grants its wielder temporary protection when it strikes (+7 to AC).
Missiles
 c - 1389 stones
 w - a throwing net
Armour
 i - a +1 kite shield of protection (worn)
 y - the +3 robe of Clouds {*Thunder rCloud rElec}
   (You found it on level 3 of the Elven Halls)

   It occasionally creates storm clouds above nearby enemies.
   It grants its wearer immunity to clouds.
   rElec:     It insulates you from electricity.
 B - a +1 cloak of preservation (worn)
 D - +0 ice dragon scales
 K - a +2 hat of see invisible
 M - the +1 ring mail "Xat Faer" (worn) {rF++ rC+ rN++}
   (You found it on level 5 of the Pits of Slime)

   rF:        It greatly protects you from fire.
   rC:        It protects you from cold.
   rN:        It greatly protects you from negative energy.
 U - a +0 pair of gloves (worn)
 V - the +4 helmet "Henuazaz" (worn) {Dex+9 Stlth-}
   (You found it on level 14 of the Dungeon)

   Dex:       It affects your dexterity (+9).
   Stlth:     It makes you less stealthy.
 Z - a +0 robe of cold resistance
Magical Staves
 b - a staff of cold
 d - a staff of air
 E - a staff of conjuration
Jewellery
 l - the amulet "Vaffaa" (around neck) {Reflect rElec rPois rF+ Int+3 SH+5}
   (You bought it in a shop in a bazaar)

   [amulet of reflection]

   It reflects blocked missile attacks.
   Int:       It affects your intelligence (+3).
   rF:        It protects you from fire.
   rElec:     It insulates you from electricity.
   rPois:     It protects you from poison.
   SH:        It affects your SH (+5).
 n - the ring of Qyikkiuwn (left hand) {Fly rElec rPois Will++ Dex-3}
   (You found it on level 4 of the Vaults)

   [ring of flight]

   Dex:       It affects your dexterity (-3).
   rElec:     It insulates you from electricity.
   rPois:     It protects you from poison.
   Fly:       It grants you flight.
   Will:      It greatly increases your willpower.
 u - the ring of Xozeat (right hand) {rN+ Int+6 Stlth+}
   (You found it on level 7 of the Dungeon)

   [ring of intelligence]

   Int:       It affects your intelligence (+6).
   rN:        It protects you from negative energy.
   Stlth:     It makes you more stealthy.
 C - the ring of the Well-Known Visions {rPois rF+ Will+ Str-5}
   (You found it on level 2 of the Swamp)

   [ring of willpower]

   Str:       It affects your strength (-5).
   rF:        It protects you from fire.
   rPois:     It protects you from poison.
   Will:      It increases your willpower.
 W - the amulet "Ocipsy" {Acrobat Int+4}
   (You found it on level 9 of the Dungeon)

   [amulet of the acrobat]

   It increases your evasion while moving and waiting.
   Int:       It affects your intelligence (+4).
 X - a ring of protection from cold
Wands
 t - a wand of flame (94)
 G - a wand of digging (15)
 J - a wand of acid (29)
 L - a wand of iceblast (47)
Scrolls
 e - 8 scrolls of teleportation
 g - 5 scrolls of immolation
 j - a scroll of holy word
 m - 12 scrolls of magic mapping
 p - 7 scrolls of blinking
 z - 2 scrolls of summoning
 I - 8 scrolls of noise
 N - 5 scrolls of fog
 P - 4 scrolls of fear
 Q - 29 scrolls of identify
 R - 4 scrolls of enchant armour
 S - 3 scrolls of silence
Potions
 f - 7 potions of haste
 h - 3 potions of heal wounds
 k - 2 potions of resistance
 o - 5 potions of cancellation
 q - 10 potions of brilliance
 r - 5 potions of invisibility
 s - 9 potions of might
 v - 7 potions of attraction
 x - 26 potions of curing
 A - 4 potions of berserk rage
 F - 6 potions of ambrosia
 H - 8 potions of mutation
 O - 3 potions of lignification
Miscellaneous
 T - a lightning rod (4/4)


   Skills:
 - Level 26.0 Fighting
 - Level 2.6 Long Blades
 + Level 11.1 Armour
 - Level 16.7 Dodging
 - Level 13.6 Shields
 - Level 20.7 Spellcasting


You couldn't memorise any spells.
You knew the following spells:

 Your Spells              Type           Power      Damage    Failure   Level
a - Scorch                Fire           100%       2d10      0%          2
b - Foxfire               Conj/Fire      100%       2x1d9     0%          1
c - Corpse Rot            Necr/Pois/Air  100%       N/A       0%          4
d - Frozen Ramparts       Ice            100%       1d12      0%          3
e - Summon Ice Beast      Ice/Summ       100%       N/A       0%          4
f - Summon Forest         Summ/Tloc      58%        N/A       0%          5
g - Freezing Cloud        Conj/Ice/Air   58%        6-21      0%          5
h - Dispersal             Tloc           58%        N/A       1%          6
i - Starburst             Conj/Fire      58%        6d15      1%          6
j - Monstrous Menagerie   Summ           58%        N/A       1%          7
k - Infestation           Necr           58%        N/A       3%          8
l - Haunt                 Necr/Summ      58%        N/A       1%          7
m - Borgnjor's Revivific  Necr           58%        N/A       3%          8
Your spell library was empty.

Dungeon Overview and Level Annotations

Branches:
Dungeon (15/15)            Temple (0/1) D:6            Lair (6/6) D:10
  Swamp (4/4) Lair:2        Snake (4/4) Lair:2        Slime (5/5) Lair:5
    Orc (2/2) D:11            Elf (3/3) Orc:2        Vaults (4/5) D:14
  Crypt (2/3) Vaults:3     Depths (4/4) D:15            Zot (0/5) Depths:4
  Sewer (visited)

Altars:
Ashenzari
Dithmenos
Elyvilon
Fedhas
Gozag
Hepliaklqana
Nemelex Xobeh
Ru
Trog
Uskayaw
Wu Jian
Xom
Yredelemnul
The Shining One

Shops:
Orc:1 [   Orc:2 :[[=   Snake:1 *   Snake:2 [*   Snake:3 *   Snake:4 **
Vaults:2 [

Portals:
Hell: Depths:1 Depths:2 Depths:3 Depths:4
Abyss: Depths:3 Depths:4
Pandemonium: Depths:2
Ziggurat: Depths:3

Annotations:
D:11 3 runed translucent doors, exclusion: orange crystal statue
D:12 exclusion: 2 downstairs
D:14 exclusion: downstairs
Lair:2 exclusion: downstairs
Lair:5 1 runed translucent door, exclusion: 2 doors, Fuch's ghost, journeyman DsCj
Swamp:2 Mlioglotl
Swamp:3 exclusion: upstairs
Snake:1 2 transporters, Nussaaxi's ghost, adept HOFi
Snake:3 Vashnia
Snake:4 exclusion: upstairs, Roxanne
Elf:1 3 runed translucent doors
Vaults:4 Sojobo


Innate Abilities, Weirdness & Mutations

You are immune to sickness and miasma.
You are immune to poison.
Your flesh is very heat resistant. (rF++)
You are vulnerable to cold. (rC-)
You float through the air rather than walking.
You learn spells naturally, not from books.
Your magical power is your life essence.
You have superior vitality. (+4 MHP)
Armour fits poorly on your strangely shaped body.
You are weak. (Str -2)
Potions are less effective at restoring your health.
You passively dampen the noise of your surroundings.


Message History

The curse skull is moderately damaged.
The jiangshi claws you.
* * * LOW HITPOINT WARNING * * *
The jiangshi claws you!
* * * LOW HITPOINT WARNING * * *
The wight completely misses your wraith.
Something hits your wraith. You block the wraith's attack.
Your wraith hits the curse skull but does no damage.
Something hits your wraith!
Your wraith is destroyed!
Your wraith disappears in a puff of smoke!
The phantasmal warrior gestures at you.
The phantasmal warrior blinks!
The spectral nagaraja hits you.
* * * LOW HITPOINT WARNING * * *
The spectral nagaraja constricts you.
* * * LOW HITPOINT WARNING * * *
As you read the scroll of teleportation, it crumbles to dust.
You feel strangely unstable. The jiangshi claws you!
* * * LOW HITPOINT WARNING * * *
The jiangshi closely misses you. The wraith completely misses you.
Your wraith hits the curse skull but does no damage.
Something closely misses your wraith.
The wight hits your wraith with a +3 scimitar of freezing!
The wight freezes your wraith.
You block the spectral nagaraja's attack.
The spectral nagaraja constricts you.
The spectral nagaraja's grasp on you weakens, but your attempt to escape fails.
The jiangshi claws you but does no damage.
The jiangshi claws you!
* * * LOW HITPOINT WARNING * * *
You block the jiangshi's attack. The jiangshi misses you.
The wraith misses you.
Your wraith hits the curse skull but does no damage.
The wight hits your wraith but does no damage.
Something barely misses your wraith.
The curse skull calls on the powers of darkness!
Your body is wracked with pain!
* * * LOW HITPOINT WARNING * * *
The spectral nagaraja hits you!
You die...

# #...# # #...# #
#...# # #.###
########.########
........))))....#
########.###.W..#
#.# #Z.V.# ###
##@Wz# #.zz#
###W#


#Wzz# #...# z...VW..# ......... ########## You could see a jiangshi (summoned),
a curse skull (ally target), a phantasmal warrior (summoned), a spectral
nagaraja (summoned), a wraith (summoned), 3 wights and a friendly wraith
(summoned).

Vanquished Creatures
  the Royal Jelly (Slime:5)
  Saint Roka (Snake:3)
  Nikola (Snake:3)
  A tentacled monstrosity (Depths:1)
  Jorgrun (Snake:3)
  3 deep elf master archers (Elf:3)
  3 acid blobs (Slime:5)
  An ancient champion (Crypt:1)
  A sphinx (Vaults:3)
  Gastronok (Lair:2)
  2 tengu reavers (Vaults:4)
  A thorn hunter (Swamp:3)
  A revenant (Crypt:1)
  5 azure jellies
  A nagaraja (Snake:2)
  A rockslime (Slime:5)
  3 vault wardens
  A fire giant (Depths:2)
  An iron dragon (Depths:3)
  4 quicksilver oozes
  3 ironbound preservers
  6 stone giants
  2 juggernaut skeletons (Depths:2)
  8 dire elephants
  An eidolon (Crypt:2)
  Azrael (D:15)
  3 spark wasps (Depths:3)
  4 ettins
  A jiangshi (Depths:2)
  A blizzard demon (Depths:3)
  3 great orbs of eyes
  A fire dragon (D:14)
  3 ironbound thunderhulks
  12 naga warriors
  An ice dragon (Depths:3)
  2 yaktaur captains
  A catoblepas (Lair:6)
  3 vault guards
  A boulder beetle (D:12)
  A spriggan air mage (Swamp:4)
  Erolcha (D:10)
  12 anacondas
  6 hydras
  An ironbound frostheart (Vaults:2)
  3 salamander tyrants (Snake:4)
  A death knight (Crypt:1)
  An ogre mage (Vaults:2)
  3 alligators
  2 two-headed ogres (Vaults:2)
  7 centaur warriors
  5 tengu warriors
  A dancing weapon (Elf:3)
  A spriggan berserker (Depths:1)
  A deep troll shaman (Depths:4)
  A deep troll earth mage (Depths:3)
  18 naga sharpshooters
  2 orc high priests (Orc:2)
  Urug (Orc:2)
  7 death yaks
  9 shock serpents
  5 deep elf knights
  Sonja (D:12)
  10 skeletal warriors
  A titan skeleton (Crypt:2)
  2 shadow wraiths (Crypt:2)
  2 flayed ghosts
  2 sea snakes (Snake:2)
  2 spriggan druids
  A storm dragon skeleton (Depths:2)
  2 salamander mystics (Snake:4)
  12 deep trolls
  2 goliath frogs
  3 wizards
  2 phantasmal warriors
  6 lindwurms
  8 naga ritualists
  A necromancer (Depths:2)
  3 ironbound convokers
  2 orc knights (Orc:2)
  2 deep elf zephyrmancers (Elf:1)
  A golden dragon skeleton (Depths:2)
  11 ugly things
  2 orc sorcerers
  5 deep elf pyromancers
  7 mana vipers
  11 salamanders
  2 manticores
  3 cyclopes
  A will-o-the-wisp (Swamp:3)
  A tengu skeleton (Depths:2)
  2 oklob plants (Depths:3)
  An iron dragon skeleton (Depths:2)
  A frost giant skeleton (Depths:2)
  A fire giant skeleton (Depths:2)
  6 guardian serpents
  8 elephants
  28 black mambas
  A stone giant skeleton (Depths:2)
  12 vault sentinels
  2 torpor snails
  A storm dragon simulacrum (Depths:2)
  11 cane toads
  8 naga magi
  A yaktaur zombie (Vaults:1)
  3 rime drakes
  An unseen horror (D:11)
  A komodo dragon (shapeshifter) (D:13)
  15 yaktaurs
  2 tengu conjurers
  2 ice devils (Lair:5)
  2 freezing wraiths
  5 komodo dragons
  A shadow dragon simulacrum (Depths:2)
  A polar bear (Lair:1)
  3 trolls
  A bloated husk (Swamp:2)
  4 tyrant leeches
  A meliai (shapeshifter) (D:14)
  6 meliai
  A nameless horror (Slime:4)
  A hornet (D:5)
  A blink frog (Lair:2)
  3 dream sheep
  14 slime creatures
  2 vampires
  A centaur simulacrum (D:14)
  2 spriggans
  3 flying skulls (Depths:2)
  A water elemental (Elf:3)
  A shadow (D:12)
  6 wyverns
  8 wraiths
  A spriggan simulacrum (Depths:2)
  32 yaks
  2 steam dragons (D:9)
  A fire elemental (D:15)
  6 basilisks
  40 nagas
  6 vampire mosquitoes (D:12)
  A warg (D:11)
  2 acid dragons
  4 swamp worms
  13 water moccasins
  3 hell hounds
  A human skeleton (Depths:2)
  A two-headed ogre skeleton (Crypt:2)
  3 swamp drakes
  2 floating eyes
  A sky beast (D:6)
  5 ice beasts
  29 orc warriors
  A necrophage (D:6)
  13 wolves
  A snapping turtle skeleton (Crypt:2)
  5 centaurs
  3 ogres
  A gnoll sergeant (D:10)
  Blork the orc (D:4)
  8 bullfrogs
  An earth elemental (Elf:1)
  2 scorpions
  A troll zombie (Crypt:2)
  5 killer bees
  A water moccasin skeleton (D:4)
  A program bug skeleton (Crypt:2)
  6 electric eels
  A howler monkey (D:9)
  A centaur zombie (D:9)
  2 hounds (D:5)
  8 jellies
  24 orc priests
  4 iguanas
  15 orc wizards
  2 killer bee zombies
  A demigod skeleton (Crypt:2)
  A hound skeleton (D:5)
  8 gnolls
  9 adders
  A white imp (D:7)
  2 adder skeletons (D:4)
  A worm (D:4)
  6 dart slugs
  79 orcs
  8 endoplasms
  4 giant cockroaches
  6 goblins
  4 hobgoblins
  13 jackals
  2 quokkas
  11 ball pythons
  13 bats
  7 frilled lizards
  14 kobolds
  4 rats
  A briar patch (Depths:3)
  6 snaplasher vines
924 creatures vanquished.

Vanquished Creatures (collateral kills)
  Bai Suzhen (Depths:1)
  A golden dragon (Depths:4)
  2 bone dragons
  2 tentacled monstrosities
  A lich (Depths:4)
  Asterion (Elf:2)
  2 deep elf master archers (Elf:3)
  5 deep elf blademasters
  13 acid blobs
  5 thorn hunters
  2 shadow dragons
  Kirke (Swamp:4)
  2 sphinxes
  A storm dragon (Depths:4)
  Donald (Swamp:3)
  A draconian monk (Depths:4)
  A tengu reaver (Depths:1)
  11 rockslimes
  A revenant (Crypt:1)
  A nagaraja (Snake:4)
  4 azure jellies
  A fenstrider witch (Swamp:1)
  5 fire giants
  An iron dragon (Depths:4)
  4 frost giants
  A curse skull (Crypt:1)
  Aizul (Elf:2)
  2 orc warlords (Orc:1)
  6 deep elf sorcerers (Elf:3)
  Louise (Depths:4)
  A juggernaut zombie (Crypt:1)
  5 vault wardens
  3 deep elf elementalists (Elf:3)
  2 quicksilver oozes
  A draconian shifter (Depths:4)
  8 ironbound preservers
  11 stone giants
  3 vampire knights (Depths:1)
  9 very ugly things
  2 caustic shrike skeletons (Depths:2)
  An entropy weaver (Vaults:3)
  2 black draconians (Depths:4)
  2 grey draconians (Depths:4)
  2 yellow draconians (Depths:4)
  A deep elf demonologist (Elf:3)
  4 deep elf annihilators
  2 red draconians (Depths:4)
  2 bunyips (Swamp:3)
  14 dire elephants
  2 spark wasps (Depths:2)
  Snorg (D:10)
  4 eleionomae
  5 deep elf death magi (Elf:3)
  6 ettins
  An eidolon (Crypt:1)
  A jiangshi (Depths:2)
  A deep elf high priest (Elf:2)
  A shambling mangrove (Swamp:4)
  4 yaktaur captains
  9 fire dragons
  Josephine (D:10)
  5 ice dragons
  A rakshasa (Depths:2)
  A salamander tyrant (Snake:2)
  9 great orbs of eyes
  2 ironbound thunderhulks
  A hell beast (Depths:3)
  11 hydras
  4 boulder beetles
  5 vault guards
  4 spriggan air magi
  4 ironbound frosthearts
  4 two-headed ogres
  2 anacondas (Snake:3)
  4 centaur warriors
  A catoblepas (Lair:6)
  2 naga warriors
  A death knight (D:12)
  Erica (D:10)
  5 alligators
  25 dancing weapons
  4 deep troll earth magi
  4 death yaks
  8 tengu warriors
  3 deep troll shamans
  2 spriggan berserkers
  A hell hog (Depths:3)
  5 orc high priests
  3 naga sharpshooters
  A sun demon (Depths:2)
  A vampire mage (Depths:2)
  Nergalle (D:10)
  A shock serpent (Snake:1)
  15 deep elf knights
  5 spriggans
  2 soul eaters
  2 titan skeletons
  5 goliath frogs
  3 salamander mystics
  16 skeletal warriors
  2 iron trolls
  4 spriggan druids
  42 deep trolls
  3 glowing orange brains
  7 swamp dragons
  A tengu zombie (Depths:3)
  13 deep elf archers
  8 bog bodies
  2 flayed ghosts
  3 orc knights
  4 lindwurms
  4 wizards
  3 ironbound convokers
  An iron dragon zombie (Depths:3)
  4 golden dragon skeletons (Depths:2)
  A tengu skeleton (Depths:2)
  3 necromancers
  2 phantasmal warriors (Crypt:1)
  27 deep elf pyromancers
  25 deep elf zephyrmancers
  A frost giant zombie (Crypt:1)
  4 will-o-the-wisps
  12 ugly things
  4 cyclopes
  5 shining eyes
  8 salamanders
  6 black mambas
  2 sphinx skeletons (Depths:2)
  2 frost giant skeletons (Depths:2)
  An iron dragon skeleton (Depths:2)
  15 elephants
  Maurice (D:10)
  12 vault sentinels
  2 gargoyles (D:13)
  A guardian serpent (Snake:3)
  2 fire giant skeletons (Depths:2)
  An eye of devastation (Slime:2)
  A stone giant skeleton (Depths:2)
  4 naga magi
  A cane toad (Lair:6)
  5 freezing wraiths
  Maggie (D:8)
  An efreet (D:13)
  3 rime drakes (Swamp:4)
  15 yaktaurs
  A yaktaur (shapeshifter) (D:15)
  A red devil (Depths:2)
  A tormentor (Depths:2)
  4 spriggan skeletons (Depths:2)
  A human skeleton (Vaults:1)
  2 trolls (D:9)
  A jumping spider (shapeshifter) (Depths:1)
  2 bloated husks
  6 hornets
  3 polar bears
  2 tyrant leeches
  8 blink frogs
  A meliai zombie (D:11)
  39 slime creatures
  5 dream sheep
  A redback (Vaults:3)
  A water elemental (Elf:3)
  4 wyverns
  11 flying skulls (Depths:2)
  A vampire (D:14)
  A ynoxinul (Depths:2)
  3 hogs (Swamp:4)
  3 wraiths
  17 yaks
  2 basilisks
  A tyrant leech zombie (Crypt:1)
  6 golden eyes
  3 fire elementals
  A steam dragon (D:8)
  2 wargs
  8 nagas
  7 swamp worms
  3 acid dragons
  4 water moccasins
  A deep troll zombie (Crypt:1)
  A two-headed ogre skeleton (Crypt:1)
  3 swamp drakes (Swamp:4)
  17 orc warriors
  A black bear (Elf:2)
  2 human zombies (Vaults:1)
  An ogre (Orc:2)
  A centaur (D:12)
  8 wolves
  2 bullfrogs
  An earth elemental (Elf:1)
  An elf skeleton (Crypt:1)
  4 killer bees
  2 electric eels (Elf:3)
  2 nameless horrors
  2 jellies (Lair:5)
  10 orc priests
  A centaur skeleton (Crypt:1)
  A basilisk skeleton (Crypt:1)
  10 orc wizards
  18 orcs
  24 briar patches
  4 foxfires
908 creatures vanquished.

Vanquished Creatures (others)
  A stone giant (Depths:1)
  A deep elf annihilator (Elf:3)
  A spriggan air mage (Depths:2)
  A vampire mage (Depths:1)
  A deep elf zephyrmancer (Elf:3)
  2 deep elf pyromancers
  A bloated husk (Swamp:3)
  A human (Swamp:4)
  An orc (D:8)
  2 briar patches (Swamp:4)
  A bush (Lair:2)
  550 foxfires
  55 fungi
  146 plants
  33 snaplasher vines
797 creatures vanquished.

Grand Total: 2629 creatures vanquished

Notes
Turn   | Place    | Note
-------+----------+-------------------------------------------
     0 | D:1      | toffzen the Djinni Cinder Acolyte began the quest for the
                  | Orb.
     0 | D:1      | Reached XP level 1. HP: 20/20 MP: 0/0
   610 | D:1      | Reached XP level 2. HP: 25/25 MP: 0/0
  1501 | D:1      | Found a faded altar of an unknown god.
  1607 | D:1      | Reached XP level 3. HP: 26/30 MP: 0/0
  1607 | D:1      | Learned a level 1 spell: Foxfire
  2227 | D:2      | Reached XP level 4. HP: 34/37 MP: 0/0
  2232 | D:2      | Reached skill level 4 in Fighting
  3259 | D:3      | Reached XP level 5. HP: 30/41 MP: 0/0
  3259 | D:3      | Learned a level 4 spell: Corpse Rot
  3356 | D:3      | Found a glowing drain.
  3405 | Sewer    | Entered a sewer
  5007 | D:4      | Found an opulent altar of Gozag.
  5117 | D:4      | Found a sacrificial altar of Ru.
  5144 | D:4      | Reached XP level 6. HP: 46/49 MP: 0/0
  5206 | D:4      | Reached skill level 5 in Fighting
  5401 | D:4      | Found a sparkling altar of Nemelex Xobeh.
  5791 | D:4      | Noticed Blork the orc
  5803 | D:4      | Killed Blork the orc
  5804 | D:4      | Reached XP level 7. HP: 41/55 MP: 0/0
  5804 | D:4      | Learned a level 3 spell: Frozen Ramparts
  6399 | D:5      | Entered Level 5 of the Dungeon
  6575 | D:5      | Reached skill level 6 in Fighting
  6674 | D:5      | Upgraded the game from 0.28-a0-535-g6f645e4c1d to
                  | 0.28-a0-537-g3bccd9ccbf
  7110 | D:5      | Noticed a hornet
  7114 | D:5      | Killed a hornet
  7115 | D:5      | Reached skill level 5 in Spellcasting
  7115 | D:5      | Reached XP level 8. HP: 54/62 MP: 0/0
  7166 | D:5      | Identified the +10 spear of Guorips {vorpal, rElec Will+
                  | Int+4 Stlth-}
  7206 | D:5      | Reached skill level 7 in Fighting
  7366 | D:5      | Found an ornate altar of the Wu Jian Council.
  7429 | D:6      | Identified a scroll of acquirement
  7429 | D:6      | Acquired a staff of air
  7669 | D:6      | Found a staircase to the Ecumenical Temple.
  7760 | D:6      | Noticed a yak
  7760 | D:6      | Noticed a yak
  7760 | D:6      | Noticed a yak
  7761 | D:6      | Noticed a yak
  7782 | D:6      | Noticed a yak
  7784 | D:6      | Killed a yak
  8653 | D:6      | Killed a yak
  8654 | D:6      | Reached skill level 8 in Fighting
  8654 | D:6      | Reached XP level 9. HP: 44/70 MP: 0/0
  8654 | D:6      | Learned a level 4 spell: Summon Ice Beast
 10169 | D:6      | Found a staircase to the Ecumenical Temple.
 10948 | D:6      | Found a staircase to the Ecumenical Temple.
 11526 | D:7      | Found a shadowy altar of Dithmenos.
 11594 | D:7      | Found a glowing golden altar of the Shining One.
 11732 | D:7      | Reached skill level 9 in Fighting
 11860 | D:7      | Identified the ring of Xozeat {rN+ Int+6 Stlth+}
 12076 | D:7      | Found a basalt altar of Yredelemnul.
 12465 | D:8      | Acquired 785 gold pieces
 12641 | D:8      | Reached XP level 10. HP: 55/79 MP: 0/0
 12789 | D:8      | Reached skill level 10 in Fighting
 13294 | D:8      | Found a hazy altar of Hepliaklqana.
 13295 | D:8      | Found a faded altar of an unknown god.
 13634 | D:8      | Noticed Maggie
 13639 | D:8      | Killed Maggie
 13785 | D:8      | Found a hide-covered altar of Uskayaw.
 14085 | D:9      | Reached skill level 11 in Fighting
 14403 | D:9      | Found a glowing golden altar of the Shining One.
 14422 | D:9      | Found a bloodstained altar of Trog.
 14447 | D:9      | Found a runed translucent door.
 14604 | D:9      | Noticed a flayed ghost
 14609 | D:9      | Found a hide-covered altar of Uskayaw.
 14633 | D:9      | Found a sparkling altar of Nemelex Xobeh.
 14648 | D:9      | Found a shimmering altar of Xom.
 14722 | D:9      | Noticed a four-headed hydra
 14723 | D:9      | Noticed a deep elf pyromancer
 14826 | D:9      | Killed a deep elf pyromancer
 14827 | D:9      | Reached XP level 11. HP: 72/87 MP: 0/0
 14827 | D:9      | Learned a level 5 spell: Summon Forest
 14835 | D:9      | Killed a four-headed hydra
 15082 | D:9      | Reached skill level 12 in Fighting
 16229 | D:10     | Entered Level 10 of the Dungeon
 16232 | D:10     | Found a blossoming altar of Fedhas.
 16392 | D:10     | Found a flagged portal.
 16467 | D:10     | Noticed a five-headed hydra
 16473 | D:10     | Killed a five-headed hydra
 16508 | D:10     | Noticed Nergalle
 16523 | D:10     | Noticed Josephine
 16527 | D:10     | Killed Josephine
 16531 | D:10     | Killed Nergalle
 16532 | D:10     | Reached skill level 10 in Spellcasting
 16732 | D:10     | Reached skill level 13 in Fighting
 16912 | D:10     | Found a staircase to the Lair.
 17079 | D:10     | Noticed Erica
 17081 | D:10     | Noticed Erolcha
 17086 | D:10     | Killed Erica
 17087 | D:10     | Reached XP level 12. HP: 79/98 MP: 0/0
 17101 | D:10     | Cast into level 1 of the Abyss (Erolcha)
 17161 | Abyss:2  | Noticed a rakshasa
 17170 | D:10     | Escaped the Abyss
 17201 | D:10     | Noticed Maurice
 17212 | D:10     | Killed Maurice
 17301 | D:10     | Found a white marble altar of Elyvilon.
 17301 | D:10     | Found a shimmering altar of Xom.
 17346 | D:10     | Killed Erolcha
 17418 | D:10     | Noticed Snorg
 17425 | D:10     | Killed Snorg
 17752 | Lair:1   | Entered Level 1 of the Lair of Beasts
 18755 | Lair:1   | Reached skill level 14 in Fighting
 19043 | Lair:2   | Found a staircase to the Snake Pit.
 19269 | Lair:2   | Noticed Gastronok
 19282 | Lair:2   | Killed Gastronok
 19733 | Lair:2   | Reached XP level 13. HP: 89/106 MP: 0/0
 19733 | Lair:2   | Learned a level 5 spell: Freezing Cloud
 19869 | Lair:2   | Found a staircase to the Swamp.
 20311 | Lair:2   | Reached skill level 15 in Fighting
 20829 | Lair:2   | Noticed a six-headed hydra
 20904 | Lair:2   | Killed a six-headed hydra
 21951 | Lair:3   | Reached skill level 16 in Fighting
 22218 | Lair:3   | Acquired 682 gold pieces
 23307 | Lair:4   | Reached XP level 14. HP: 100/117 MP: 0/0
 24319 | Lair:5   | Found a staircase to the Slime Pits.
 24371 | Lair:5   | Noticed Fuch's ghost (journeyman DsCj)
 24381 | Lair:5   | Found a runed translucent door.
 24412 | Lair:5   | Reached skill level 17 in Fighting
 25268 | Lair:6   | Entered Level 6 of the Lair of Beasts
 25294 | Lair:6   | Found a gate leading to a gauntlet.
 25586 | Lair:6   | Upgraded the game from 0.28-a0-537-g3bccd9ccbf to
                  | 0.28-a0-556-gab23d0e057
 26754 | Lair:6   | Reached XP level 15. HP: 106/126 MP: 0/0
 26754 | Lair:6   | Learned a level 6 spell: Dispersal
 27132 | Lair:6   | Reached skill level 18 in Fighting
 28351 | D:11     | Found a runed translucent door.
 28363 | D:11     | Found a runed translucent door.
 28383 | D:11     | Found a runed translucent door.
 28398 | D:11     | Found a runed translucent door.
 28449 | D:11     | Found a staircase to the Orcish Mines.
 28681 | D:11     | Acquired 499 gold pieces
 29769 | D:12     | Noticed Sonja
 29793 | D:12     | Killed Sonja
 32634 | D:13     | Reached skill level 1 in Dodging
 32771 | D:13     | Found a broken altar of Ashenzari.
 34003 | D:14     | Found a gate to the Vaults.
 34184 | D:13     | Reached skill level 19 in Fighting
 34184 | D:13     | Reached skill level 15 in Spellcasting
 34372 | D:14     | Reached XP level 16. HP: 32/135 MP: 0/0
 34960 | D:14     | Identified the +4 helmet "Henuazaz" {Dex+9 Stlth-}
 37157 | D:15     | Entered Level 15 of the Dungeon
 37820 | D:15     | Reached skill level 5 in Dodging
 38194 | D:15     | Found a runed translucent door.
 38388 | D:15     | Noticed Azrael
 38396 | D:15     | Killed Azrael
 39237 | D:15     | Found a staircase to the Depths.
 39553 | D:15     | Noticed a frost giant
 39772 | D:15     | Killed a frost giant
 40752 | D:9      | Identified the amulet "Ocipsy" {Acrobat Int+4}
 40759 | D:9      | Identified the +3 quarterstaff of Distant Shores {venom,
                  | *Slow rElec Dex+9}
 40761 | D:9      | Identified the +1 war axe of Wealth {speed, Fly rElec rC+}
 40777 | D:9      | Found a hide-covered altar of Uskayaw.
 40781 | D:9      | Found a sparkling altar of Nemelex Xobeh.
 40795 | D:9      | Found a shimmering altar of Xom.
 40816 | D:9      | Found a glowing golden altar of the Shining One.
 41074 | Snake:1  | Entered Level 1 of the Snake Pit
 41175 | Orc:1    | Entered Level 1 of the Orcish Mines
 41861 | Orc:1    | Found Womafrad's Armour Emporium.
 42125 | Orc:2    | Entered Level 2 of the Orcish Mines
 42168 | Orc:2    | Noticed Urug
 42366 | Orc:2    | Killed Urug
 42903 | Orc:2    | Found a staircase to the Elven Halls.
 45613 | Orc:2    | Found Tuademul's Book Emporium.
 45613 | Orc:2    | Found Lolyuv's Antique Armour Emporium.
 45614 | Orc:2    | Found Qituxit's Armour Shoppe.
 45614 | Orc:2    | Found Awkauz's Jewellery Emporium.
 45626 | Orc:2    | Bought a buckler for 99 gold pieces
 46186 | Snake:1  | Reached skill level 1 in Shields
 46667 | Snake:1  | Reached XP level 17. HP: 84/143 MP: 0/0
 46667 | Snake:1  | Learned a level 6 spell: Starburst
 47133 | Snake:1  | Upgraded the game from 0.28-a0-556-gab23d0e057 to
                  | 0.28-a0-563-gf77a47075d
 47138 | Snake:1  | Found Tege's Mayhem Merchandise.
 47846 | Lair:2   | Reached skill level 20 in Fighting
 48289 | Snake:1  | Found a transporter.
 48291 | Snake:1  | Noticed Nussaaxi's ghost (adept HOFi)
 48307 | Snake:1  | Found a transporter.
 49810 | Snake:2  | Found Dutiyce's Armour Shoppe.
 49818 | Snake:2  | Bought a +1 cloak of preservation for 280 gold pieces
 50691 | Snake:2  | Found Vuidos's Assorted Antiques.
 50723 | Snake:2  | Bought a scroll of fog for 70 gold pieces
 50723 | Snake:2  | Bought 2 scrolls of blinking for 525 gold pieces
 51400 | Snake:3  | Noticed Vashnia
 51786 | Snake:3  | Found Cziol's Commerce Corner.
 51787 | Snake:3  | Noticed Jorgrun
 51803 | Snake:3  | Killed Jorgrun
 51912 | Snake:3  | Bought a staff of conjuration for 250 gold pieces
 51974 | Snake:3  | Noticed Saint Roka
 52515 | Snake:3  | Reached skill level 10 in Dodging
 53862 | Snake:3  | Noticed Nikola
 53887 | Snake:3  | Killed Nikola
 54953 | Snake:3  | Reached XP level 18. HP: 71/151 MP: 0/0
 56061 | Snake:3  | Killed Saint Roka
 57033 | Snake:4  | Entered Level 4 of the Snake Pit
 57692 | Snake:4  | Identified the +0 robe of the Mackerel {Will- rCorr Int+7}
 58129 | Snake:4  | Found Gamiol's Specific Store.
 58131 | Snake:4  | Found Uvaxzi's General Store.
 58137 | Snake:4  | Bought a scroll of magic mapping for 56 gold pieces
 58398 | Snake:4  | Noticed Roxanne
 58603 | Snake:4  | Reached skill level 21 in Fighting
 62245 | Snake:4  | Got a serpentine rune of Zot
 62493 | Lair:2   | Upgraded the game from 0.28-a0-563-gf77a47075d to
                  | 0.28-a0-589-g333b8329f1
 62522 | Swamp:1  | Entered Level 1 of the Swamp
 62539 | Swamp:1  | Reached XP level 19. HP: 146/159 MP: 0/0
 62539 | Swamp:1  | Learned a level 7 spell: Monstrous Menagerie
 64283 | Swamp:2  | Identified the ring of the Well-Known Visions {rPois rF+
                  | Will+ Str-5}
 65075 | Swamp:3  | Noticed Donald
 65081 | Swamp:3  | Killed Donald
 65893 | Swamp:3  | Noticed Mlioglotl
 66689 | Swamp:4  | Entered Level 4 of the Swamp
 66689 | Swamp:4  | Noticed Kirke
 66698 | Swamp:4  | Killed Kirke
 66908 | Swamp:4  | Reached skill level 22 in Fighting
 68014 | Swamp:4  | Got a decaying rune of Zot
 68612 | Vaults:1 | Entered Level 1 of the Vaults
 68887 | Vaults:1 | Reached XP level 20. HP: 77/167 MP: 0/0
 70935 | Vaults:1 | Upgraded the game from 0.28-a0-589-g333b8329f1 to
                  | 0.28-a0-595-g9f6c0e134a
 71928 | Vaults:1 | Identified the amulet of Jealousy {RegenMP Harm +Inv rElec
                  | Dex-5}
 73035 | Vaults:2 | Reached skill level 15 in Dodging
 75377 | Vaults:2 | You are sucked into a shaft and drop 2 floors!
 75386 | Vaults:4 | Identified the ring of Qyikkiuwn {Fly rElec rPois Will++
                  | Dex-3}
 76499 | Vaults:4 | Reached XP level 21. HP: 141/175 MP: 0/0
 76499 | Vaults:4 | Learned a level 8 spell: Infestation
 76500 | Vaults:4 | Reached skill level 23 in Fighting
 76616 | Vaults:4 | Noticed Sojobo
 77106 | Vaults:4 | Paralysed by an air elemental for 1 turns
 77108 | Vaults:4 | Paralysed by an air elemental for 1 turns
 77118 | Vaults:4 | Paralysed by an air elemental for 1 turns
 78503 | Vaults:2 | Found Qubb's Armour Shoppe.
 80413 | Vaults:3 | Found a staircase to the Crypt.
 80449 | Vaults:3 | Noticed a bone dragon
 80485 | Vaults:3 | Killed a bone dragon
 82372 | Vaults:3 | Reached skill level 5 in Shields
 83900 | Depths:1 | Entered Level 1 of the Depths
 84400 | Depths:1 | Reached XP level 22. HP: 148/180 MP: 0/0
 84852 | Depths:1 | Upgraded the game from 0.28-a0-595-g9f6c0e134a to
                  | 0.28-a0-612-gcfc00ec14d
 85129 | Depths:1 | Noticed Bai Suzhen
 85191 | Depths:1 | Killed Bai Suzhen
 86354 | Depths:1 | Reached skill level 24 in Fighting
 86707 | Depths:1 | Identified the +0 pair of boots of the Ward {Rampage Str-3
                  | Int+7}
 86979 | Depths:1 | Found a gateway to Hell.
 87712 | Depths:1 | Identified the +6 scale mail "Ymuy" {Int+4 Dex+3}
 89323 | Depths:2 | Found a one-way gate leading to the halls of Pandemonium.
 91562 | Depths:2 | Noticed a bone dragon
 91588 | Depths:2 | Killed a bone dragon
 91684 | Depths:2 | Reached XP level 23. HP: 82/193 MP: 0/0
 91684 | Depths:2 | Learned a level 7 spell: Haunt
 91986 | Depths:2 | Identified the +4 broad axe of Ornamental Fortitude
                  | {vorpal, rPois}
 92229 | Depths:3 | Found a gateway to a ziggurat.
 94487 | Depths:3 | Reached skill level 10 in Shields
 95647 | Depths:3 | Found a one-way gate to the infinite horrors of the Abyss.
 96501 | Depths:4 | Entered Level 4 of the Depths
 97539 | Depths:4 | Upgraded the game from 0.28-a0-612-gcfc00ec14d to
                  | 0.28-a0-723-g095bd1b44f
 98673 | Depths:4 | Reached skill level 25 in Fighting
 99132 | Depths:4 | Noticed Louise
 99151 | Depths:4 | Killed Louise
100359 | Depths:4 | Noticed a golden dragon
100443 | Depths:4 | Killed a golden dragon
100530 | Depths:4 | Identified the +4 whip "Plog" {antimagic, rElec rPois Str+2
                  | Int-5}
100538 | Depths:4 | Found a gate to the Realm of Zot.
100980 | Elf:1    | Entered Level 1 of the Elven Halls
101908 | Elf:1    | Reached XP level 24. HP: 186/202 MP: 0/0
102263 | Elf:1    | Found a runed translucent gate.
102263 | Elf:1    | Found a runed translucent gate.
102264 | Elf:1    | Found a runed translucent gate.
102840 | Elf:2    | Upgraded the game from 0.28-a0-723-g095bd1b44f to
                  | 0.28-a0-726-g4a9143789a
103786 | Elf:2    | Found a huge runed translucent gate.
103787 | Elf:2    | Found a huge runed translucent gate.
103787 | Elf:2    | Found a huge runed translucent gate.
103788 | Elf:2    | Found a huge runed translucent gate.
103788 | Elf:2    | Found a huge runed translucent gate.
104515 | Elf:1    | Upgraded the game from 0.28-a0-726-g4a9143789a to
                  | 0.28-a0-730-g892d06dc2c
105657 | Elf:2    | Noticed Aizul
105674 | Elf:2    | Killed Aizul
106201 | Elf:2    | Noticed Asterion
106663 | Elf:2    | Killed Asterion
107804 | Elf:3    | Entered Level 3 of the Elven Halls
108423 | Elf:3    | Found a flickering gateway to a bazaar.
108438 | Bazaar   | Entered a bazaar
108442 | Bazaar   | Found Visaxt's Jewellery Boutique.
108460 | Bazaar   | Found Uvaxzi's Assorted Antiques.
108478 | Bazaar   | Found Hollil's Antique Armour Boutique.
108495 | Bazaar   | Found Zaegucs's Distillery.
108500 | Bazaar   | Bought a potion of heal wounds for 55 gold pieces
108500 | Bazaar   | Bought a potion of heal wounds for 55 gold pieces
108500 | Bazaar   | Bought a potion of mutation for 88 gold pieces
108500 | Bazaar   | Bought a potion of lignification for 33 gold pieces
108500 | Bazaar   | Bought a potion of curing for 33 gold pieces
108500 | Bazaar   | Bought a potion of curing for 33 gold pieces
108500 | Bazaar   | Bought a potion of curing for 33 gold pieces
108518 | Bazaar   | Bought the amulet "Vaffaa" {Reflect rElec rPois rF+ Int+3
                  | SH+5} for 799 gold pieces
112371 | Elf:3    | Reached skill level 26 in Fighting
112371 | Elf:3    | Reached XP level 25. HP: 182/208 MP: 0/0
112371 | Elf:3    | Learned a level 8 spell: Borgnjor's Revivification
112398 | Elf:3    | Identified the +8 dagger "Uwkul" {flame, Fragile rCorr
                  | Dex+4 SInv}
112426 | Elf:3    | Identified the amulet of Wariness {Reflect rF+ SH+5}
112451 | Elf:3    | Found the +3 robe of Clouds {*Thunder rCloud rElec}
112482 | Elf:3    | Identified the +3 plate armour of Life {*Corrode rC+ Int+4}
113277 | Slime:1  | Entered Level 1 of the Pits of Slime
113282 | Slime:1  | Gained mutation: Potions are less effective at restoring
                  | your health. [a shining eye]
113283 | Slime:1  | Gained mutation: You are weak. (Str -2) [a shining eye]
113283 | Slime:1  | Gained mutation: You are frail. (-10% HP) [a shining eye]
113358 | Lair:5   | Reached skill level 1 in Armour
113551 | Slime:1  | Gained mutation: You are very frail. (-20% HP) [a shining
                  | eye]
114197 | Slime:4  | Gained mutation: Your body sometimes deteriorates upon
                  | taking damage. [a shining eye]
114380 | Slime:5  | Entered Level 5 of the Pits of Slime
114387 | Slime:5  | Reached skill level 5 in Armour
118161 | Slime:5  | Noticed the Royal Jelly
118240 | Slime:5  | Gained mutation: You sometimes lose your temper in combat.
                  | [a shining eye]
118324 | Slime:4  | Lost mutation: You are very frail. (-20% HP) [potion of
                  | mutation]
118324 | Slime:4  | Lost mutation: You sometimes lose your temper in combat.
                  | [potion of mutation]
118324 | Slime:4  | Lost mutation: You are frail. (-10% HP) [potion of
                  | mutation]
118324 | Slime:4  | Gained mutation: You sometimes lose your temper in combat.
                  | [potion of mutation]
118324 | Slime:4  | Gained mutation: You are agile. (Dex +4, Str/Int -1)
                  | [potion of mutation]
118325 | Slime:4  | Lost mutation: You are agile. (Dex +4, Str/Int -1) [potion
                  | of mutation]
118325 | Slime:4  | Lost mutation: Your body sometimes deteriorates upon taking
                  | damage. [potion of mutation]
118325 | Slime:4  | Lost mutation: You sometimes lose your temper in combat.
                  | [potion of mutation]
118325 | Slime:4  | Gained mutation: Armour fits poorly on your strangely
                  | shaped body. [potion of mutation]
118325 | Slime:4  | Gained mutation: You passively dampen the noise of your
                  | surroundings. [potion of mutation]
118856 | Slime:5  | Killed the Royal Jelly
119283 | Slime:5  | Got a slimy rune of Zot
119332 | Slime:5  | Identified the +1 chain mail of the Grey Skies {rC+}
119338 | Slime:5  | Upgraded the game from 0.28-a0-730-g892d06dc2c to
                  | 0.28-a0-750-g7c675f85b1
119338 | Slime:5  | Upgraded the game from 0.28-a0-750-g7c675f85b1 to
                  | 0.28-a0-769-g550dbda0cd
119348 | Slime:5  | Identified the +8 rapier "Ywkurph" {drain, Dex+2}
119399 | Slime:5  | Identified the +1 ring mail "Xat Faer" {rF++ rC+ rN++}
120266 | Vaults:3 | Upgraded the game from 0.28-a0-769-g550dbda0cd to
                  | 0.29-a0-284-gf9362112df
120266 | Vaults:3 | Upgraded the game from 0.29-a0-284-gf9362112df to
                  | 0.29-a0-330-g52719c12eb
120266 | Vaults:3 | Upgraded the game from 0.29-a0-330-g52719c12eb to
                  | 0.29-a0-821-g66395355a5
120269 | Crypt:1  | Entered Level 1 of the Crypt
121208 | Crypt:1  | Reached skill level 10 in Armour
123116 | Crypt:2  | HP: 8/211 [jiangshi[a curse skull] (8)]
123116 | Crypt:2  | Slain by a spectral nagaraja

Illustrated notes

Levels and vault maps discovered:
D:1:      roderic_crop_circles_arrival_small, layout_loops_corners,
          shapermc_ecumenical_altar_mp_vishouse, lemuel_flame_loot_1
D:2:      layout_rooms
D:3:      layout_basic, portal_sewer_entry_a
D:4:      minmay_wonky_spiral, layout_basic, mainiacjoe_overflow_cross_hatched,
          mainiacjoe_overflow_concentric_impassable,
          mainiacjoe_overflow_small_starburst, uniq_blork_the_orc
D:5:      layout_loops_ring, nzn_wu_jian_council_hall
D:6:      layout_basic, minmay_temple_entry_sparse_star
D:7:      layout_basic, general_overflow_altar,
          mainiacjoe_overflow_tiny_flanked, lemuel_tele_altar
D:8:      layout_loops_corners, mainiacjoe_overflow_alcove_2,
          beargit_hepliaklqana_dungeon_heroes, uniq_maggie
D:9:      due_megacathedral, layout_gridville, minmay_checkerbox
D:10:     layout_irregular_city, fedhas_altar_1, kennysheep_little_box,
          gammafunk_temple_overflow_pools, lair_entry_dummy, enter_bailey_5,
          uniq_nergalle, uniq_erolcha, uniq_erica, uniq_josephine, uniq_maurice,
          uniq_snorg
D:11:     layout_basic, david_orc_1_choice, minmay_statue_crystal_thing
D:12:     layout_small_grid, serial_ice, serial_ice_a, serial_ice_c,
          serial_ice_f, serial_ice_b, minmay_statues_item, uniq_sonja
D:13:     layout_cave_pools, ashenzari_altar_1
D:14:     layout_basic, erik_vaults_2, nrook_uturn
D:15:     grunt_enter_depths_snipers, layout_gridville, grunt_decor_fettered,
          minivault_13, uniq_azrael
Lair:1:   layout_misc_corridors, cheibrodos_lair_lostbears, serial_bayou_shore_a
Lair:2:   wad_woods_structure_01, layout_misc_corridors,
          skrybe_swamp_entry_bodies, minmay_snake_entry_guardpost_small,
          serial_bayou_shore_b, serial_bayou_shore_b, uniq_gastronok
Lair:3:   layout_long_grid, lemuel_fruit_tree, infiniplex_staircase_pool
Lair:4:   beast_lair_carwin_large_1, layout_regular_city,
          chequers_serial_rivers_micro_b
Lair:5:   layout_roguey, minmay_slime_entry_jelly_boxes,
          hellmonk_ghost_happy_afterlife, portal_ice_cave_demonic_guard
Lair:6:   hangedman_lair_in_review, layout_loops_ring, gauntlet_entry_generic,
          nicolae_lair_yak_garden
Swamp:1:  layout_basic_swamp, serial_swamp_ruin, evilmike_swamp_ruin_house_3,
          evilmike_swamp_ruin_house_6
Swamp:2:  layout_falls_marsh, evilmike_swamp_ruin_rubble_1
Swamp:3:  layout_basic_swamp, evilmike_swamp_ruin_house_2,
          nicolae_swamp_trees_clearing, swamp_pool1,
          nicolae_swamp_hydra_murder_den, uniq_donald, uniq_mlioglotl
Swamp:4:  swamp_alternative, layout_basic_swamp, uniq_kirke
Snake:1:  nicolae_snakescales, layout_onion, gammafunk_ghost_berserking_beasts,
          minmay_shop_mayhem, grunt_ministairs_13
Snake:2:  layout_cave_pods, serial_shops, shop, shop, nicolae_snake_snake_lake,
          nicolae_snake_slithery_corners
Snake:3:  layout_basic, serial_curves, eino_curves_04, eino_curves_01,
          eino_curves_03, eino_curves_02, nicolae_alphabet_shops, uniq_jorgrun,
          uniq_vashnia, uniq_nikola, uniq_saint_roka
Snake:4:  snake_pit_salamanders_mu, layout_onion, nicolae_specific_store,
          uniq_roxanne
Slime:1:  layout_caves
Slime:2:  layout_caves
Slime:3:  layout_caves
Slime:4:  layout_caves
Slime:5
Orc:1:    layout_diamond_mine, serial_shops, shop, basic_altar
Orc:2:    st_orc_pillars, layout_caves, uniq_urug
Elf:1:    elf_arrival_001, layout_geoelf_octagon,
          ploomutoo_gammafunk_ghost_potion_laboratory,
          hangedman_elven_crosses_minicolossus
Elf:2:    elven_hall_of_blades_hangedman_alternative
          [nicolae_blade_entry_area_security], layout_gridlike,
          kilobyte_rumbling_trees, uniq_aizul, uniq_asterion
Elf:3:    minmay_elf_hall, layout_geoelf_castle, serial_shops, bzr_entry_gold,
          hex_intersection
Vaults:1: vaults_standard_mumra_x, v_pattern_1, v_misc_15,
          ontoclasm_vaults_hangar, hangedman_vaults_maws,
          nicolae_vaults_shelves_hall, layout_vaults_omnigrid
Vaults:2: v_misc_30, v_misc_3, grunt_vaults_diagonal, grunt_vaults_bifocal,
          nicolae_vaults_little_ls, nicolae_vaults_what_the_h,
          nicolae_vaults_little_squares_3, hangedman_vaults_snaps,
          hangedman_vaults_corner_blocks, layout_vaults_big_room, serial_shops,
          shop
Vaults:3: v_misc_1, vaults_room_semicircle, nicolae_vaults_rhombus_5,
          hangedman_vaults_variations, grunt_vaults_twisty, v_misc_29,
          nicolae_vaults_alarming, nicolae_vaults_border_crossing,
          minmay_crypt_entry_nasty_monster, st_lattice, layout_vaults_omnicross
Vaults:4: nicolae_vaults_network_quincunx
          [nicolae_vaults_network_quincunx_subvault,
          nicolae_vaults_network_quincunx_subvault,
          nicolae_vaults_network_quincunx_subvault,
          nicolae_vaults_network_quincunx_subvault,
          nicolae_vaults_network_quincunx_subvault],
          nicolae_vaults_little_squares_2, v_misc_14, v_misc_25,
          nicolae_vaults_network_periphery, ontoclasm_vaults_gallery,
          hangedman_vaults_capsules, v_misc_32, ontoclasm_vaults_idyll,
          v_rooms_3, layout_vaults_omnibox, uniq_sojobo
Crypt:1:  layout_basic, roderic_lattice_octagonal_star, uniq_margery
Crypt:2:  layout_misc_corridors
Depths:1: minmay_inner_zag, layout_cave_shapes, grunt_hell_entry_dis_old,
          nrook_campfire, minmay_multi_spiral, infiniplex_staircase_pool_lava,
          firewood_loft, uniq_bai_suzhen
Depths:2: minmay_skeleton_keep, layout_honeycomb, pf_hell_entry_tar_spiral,
          rand_demon_pan_entry_4, grunt_megastairs_4
Depths:3: dpeg_oklob_gauntlet, layout_basic, enter_ziggurat_f,
          grunt_mini_vestibule, nicolae_wwwww, abyss_entry
Depths:4: evilmike_zot_entry_gauntlet, layout_honeycomb, minmay_curled_crystal,
          hell_entry, nicolae_abyss_entry_one_way_or_another

Skill      XL: |  1  2  3  4  5  6  7  8  9 10 11 12 13 14 15 16 17 18 19 20 21 22 23 24 25 |
---------------+----------------------------------------------------------------------------+-----
Spellcasting   | 3 4 5 6 7 9 10 11 12 14 15 16 17 18 19 20 | 20.7
Fighting       | 4 5 6 8 9 11 13 14 16 17 19 20 21 22 23 24 25 26 | 26.0
Dodging        | 3 7 10 12 14 15 16 | 16.7
Shields        | 1 4 6 9 11 13 | 13.6
Armour         | 11 | 11.1
Long Blades    | |  2.6

Action                   |  1- 3 |  4- 6 |  7- 9 | 10-12 | 13-15 | 16-18 | 19-21 | 22-24 | 25-27 || total
-------------------------+-------+-------+-------+-------+-------+-------+-------+-------+-------++-------
Melee: Falchion          |    29 |       |       |       |       |       |       |       |       ||    29
       Flail             |       |    14 |       |       |       |       |       |       |       ||    14
       Spear             |       |       |       |       |    48 |     2 |       |   145 |   134 ||   329
 Cast: Scorch            |    20 |    62 |    94 |   177 |   270 |   371 |   644 |   309 |       ||  1947
       Foxfire           |     3 |    47 |    23 |    22 |    22 |   169 |    33 |     1 |       ||   320
       Corpse Rot        |       |     1 |       |       |       |     1 |       |       |       ||     2
       Frozen Ramparts   |       |       |    20 |    22 |    22 |    14 |     9 |     1 |       ||    88
       Summon Ice Beast  |       |       |     2 |    40 |    50 |    82 |    82 |    54 |     2 ||   312
       Summon Forest     |       |       |       |    13 |    41 |    51 |    43 |    24 |    13 ||   185
       Freezing Cloud    |       |       |       |       |    99 |   217 |    36 |    31 |       ||   383
       Dispersal         |       |       |       |       |     4 |    24 |    15 |     8 |    15 ||    66
       Starburst         |       |       |       |       |       |   143 |       |    17 |    55 ||   215
       Monstrous Menager |       |       |       |       |       |       |   307 |   300 |    44 ||   651
       Infestation       |       |       |       |       |       |       |     8 |     3 |     6 ||    17
       Haunt             |       |       |       |       |       |       |       |   254 |    82 ||   336
Evoke: Wand              |       |       |       |       |       |     5 |       |       |     5 ||    10
  Use: Scroll            |       |     6 |    15 |     7 |     6 |     7 |     9 |     1 |     5 ||    56
       Potion            |       |     1 |     1 |     1 |     1 |     6 |     2 |     1 |     2 ||    15
 Stab: Distracted        |       |       |       |       |       |       |       |     5 |     6 ||    11
       Paralysed         |       |       |       |       |       |       |       |     1 |     3 ||     4
       Confused          |       |       |       |       |       |       |       |       |     1 ||     1
Armor: Robe              |     8 |     3 |     1 |     6 |    20 |    49 |    28 |    29 |       ||   144
       Ice dragon scales |       |       |       |       |       |       |       |       |    43 ||    43
       Ring mail         |       |       |       |       |       |       |       |       |    23 ||    23
       Skin              |       |       |       |       |       |       |       |       |     2 ||     2
Dodge: Dodged            |    14 |    13 |    17 |    44 |    59 |   263 |   214 |   228 |    85 ||   937
Block: Buckler           |       |       |       |       |       |    50 |    42 |       |       ||    92
       Kite shield       |       |       |       |       |       |       |    11 |   175 |   146 ||   332
       Reflection        |       |       |       |       |       |       |     5 |    47 |     6 ||    58

Table legend: (Time is in decaauts)
 A = Elapsed time spent in this place.
 B = Non-inter-level travel time spent in this place.
 C = Inter-level travel time spent in this place.
 D = Time resting spent in this place.
 E = Time spent auto-exploring this place.
 F = Levels seen in this place.
 G = Mean time per level.
                   A        B        C        D        E       F      G
               +--------+--------+--------+--------+--------+-----+--------+
         Total | 123305 | 117528 |   5777 |  66677 |  20783 |  53 | 2326.5 |
       Dungeon |  31510 |  29245 |   2265 |  13459 |   9597 |  15 | 2100.7 |
          Lair |  11435 |  10473 |    962 |   5095 |   3088 |   6 | 1905.8 |
         Swamp |   6060 |   5747 |    313 |   3126 |   1331 |   4 | 1515.0 |
     Snake Pit |  15803 |  15367 |    436 |  11228 |    961 |   4 | 3950.8 |
    Slime Pits |   6350 |   6350 |      0 |   5189 |      0 |   5 | 1270.0 |
  Orcish Mines |   5035 |   4738 |    297 |   3045 |    673 |   2 | 2517.5 |
   Elven Halls |  11379 |  11000 |    379 |   5703 |   1407 |   3 | 3793.0 |
        Vaults |  14665 |  14252 |    413 |   8524 |   1183 |   4 | 3666.2 |
         Crypt |   2864 |   2807 |     57 |   1122 |    843 |   2 | 1432.0 |
        Depths |  17008 |  16355 |    653 |   9795 |   1497 |   4 | 4252.0 |
         Abyss |     68 |     68 |      0 |     30 |      0 |   2 |   34.0 |
        Bazaar |    151 |    151 |      0 |      0 |      0 |   1 |  151.0 |
         Sewer |    972 |    972 |      0 |    361 |    203 |   1 |  972.0 |
               +--------+--------+--------+--------+--------+-----+--------+

Top non-repeatable levels by time:
 Snake:2: 5939 daAuts
   Elf:2: 5928 daAuts
 Snake:4: 5224 daAuts
Depths:2: 4978 daAuts
Depths:3: 4670 daAuts
Vaults:1: 4457 daAuts
 Slime:5: 4223 daAuts
Vaults:2: 4032 daAuts
Depths:1: 3858 daAuts
    D:14: 3665 daAuts
Depths:4: 3500 daAuts
   Elf:3: 3433 daAuts
Vaults:3: 3312 daAuts
    D:15: 3192 daAuts
    D:12: 2926 daAuts
